sono idiota, chaotic female elven Priestess 0 . 1 |g| 31 |@| 1 |&-------. |%10|.0... ---.|.---. 1 1|1|.| 11|.|[- |*..* ------ 1 1 sono idiota the Adept Experience level: 8 Strength: 14 Dexterity: 13 Constitution: 14 Intelligence: 8 Wisdom: 14 Charisma: 11 Health: 0(47) Energy: 105(105) AC: -10 Gold: 50 Moves: 2403 Your Inventory: Coins $ - 50 gold pieces Weapons a - a blessed +1 mace (weapon in hand) Armor n - an uncursed +0 cloak of protection (being worn) s - a blessed +0 banded mail (being worn) A - a blessed +1 pair of hard shoes [iron] (being worn) B - an uncursed +0 hard hat [dwarvish iron helm] (being worn) C - a blessed +1 large round shield [dwarvish roundshield] (being worn) N - an uncursed +2 pair of fencing gloves [leather] (being worn) Comestibles e - an uncursed clove of garlic f - 2 uncursed sprigs of wolfsbane k - 2 uncursed [stale] eggs F - an uncursed food ration O - 2 uncursed food rations P - an uncursed lizard corpse Scrolls H - an uncursed scroll of teleportation J - an uncursed scroll labeled ANDOVA BEGARIN [of magic mapping] K - an uncursed scroll labeled HAPAX LEGOMENON [of light] L - an uncursed scroll labeled SODALG [of create monster] Rings p - an uncursed [-2] shiny ring [of gain dexterity] w - an uncursed ring called warning [of warning] (on right hand) y - an uncursed mithril ring [of slow digestion] (on left hand) M - an uncursed diamond ring [of regeneration] Wands x - an uncursed uranium wand [of nothing (0:4)] R - an uncursed wand of digging [0:0] S - an uncursed wand of digging [0:3] Tools m - an uncursed blindfold o - an uncursed lock pick z - an uncursed partly used [tallow] candle E - an uncursed partly used [wax] candle (lit) G - 3 uncursed [tallow] candles Spells known in the end: Name Level Category Fail Memory a - light 1 divination 100% [||||||||] b - detect unseen 3 divination 100% [||||||||] Your skills at the end: Fighting Skills Weapon Skills mace [Skilled / Expert] Spellcasting Skills clerical spells [Basic / Expert] Final Attributes: You were piously aligned. Hunger level was 1078. Your alignment was 22 / 22. Monster difficulty range was 2 - 10. Level difficulty was 12. You were immune to sleep. You saw invisible. You were warned. You had infravision. You had slower digestion. Your luck was zero. You are dead. Vanquished creatures: a ghost a small mimic a horned devil a dog 2 human zombies 2 bugbears 2 Uruk-hai a pony a yellow light 9 gnome lords a gnomish wizard 10 dwarves a homunculus a kobold shaman a rothe a centipede 4 orc zombies a werejackal an iguana 4 acid blobs a coyote 2 hobbits a hobgoblin 2 giant rats 53 gnomes 2 garter snakes a kobold a goblin 2 grid bugs 3 lichens 3 kobold zombies 5 newts 122 creatures vanquished. Voluntary challenges: You were an atheist. You used a wielded weapon 183 times. You read items or engraved 4 times. You put on armor 12 times. You never genocided any monsters. You never polymorphed an object. You never changed form. You used no wishes. You wrote Elbereth's name 1 time. You encountered 1 bones level. You never used any Sokoban shortcuts. Dungeon overview: The Dungeons of Doom: levels 1 to 3 Level 1 a fountain a long staircase Level 2 a weapon shop, a fountain Level 3 (left some books) stairs to The Gnomish Mines The Gnomish Mines: levels 4 to 12 Level 4 stairs to The Dungeons of Doom Level 5 (unicorn) Level 6 many shops, a temple, a magic chest, some fountains, some trees Level 12 <- You were here History has recorded: On T:1 you entered the Dungeons of Doom to retrieve the Amulet of Yendor! On T:258 you reached level 2 of The Dungeons of Doom. On T:281 you advanced to experience level 2. On T:515 you advanced to experience level 3. On T:580 you advanced to experience level 4. On T:819 you reached level 3 of The Dungeons of Doom. On T:837 you advanced to experience level 5. On T:1253 you reached level 1 of The Gnomish Mines. On T:1259 you advanced to experience level 6. On T:1489 you reached level 2 of The Gnomish Mines. On T:1557 you advanced to experience level 7. On T:1611 you reached level 3 of The Gnomish Mines. On T:1967 you reached level 4 of The Gnomish Mines. On T:2021 you reached level 5 of The Gnomish Mines. On T:2071 you advanced to experience level 8. On T:2132 you reached level 7 of The Gnomish Mines. On T:2225 you reached level 6 of The Gnomish Mines. On T:2339 you reached level 8 of The Gnomish Mines. On T:2354 you reached level 9 of The Gnomish Mines. Latest messages: The horned devil hits! (2x) The horned devil misses. The horned devil stings! [HP-3=26] You kill the horned devil! The horned devil wields a bullwhip! The horned devil misses. The horned devil bites! The horned devil misses. [HP-1=25] The horned devil swings its bullwhip. The horned devil misses. (2x) The horned devil bites! The horned devil stings! The winged gargoyle picks up a scroll labeled GHOTI. [HP-2=23] The horned devil picks up an uncursed iron skull cap. The winged gargoyle hits! The winged gargoyle misses. (2x) You hear some noises in the distance. The winged gargoyle hits! (2x) You die... Final status: Goodbye sono idiota the Priestess... You died in The Gnomish Mines on dungeon level 12 with 5121 points, and 50 pieces of gold, after 2403 moves. You were level 8 with a maximum of 47 hit points when you died.